 Dungeon Crawl Stone Soup version 0.27-a0-1565-gad902ab807 (webtiles) character file.

Game seed: 14060962265464585190

576 Demosthentine the Spear-Bearer (level 7, 0/53 HPs)
             Began as a Merfolk Gladiator on July 17, 2021.
             Slain by a water moccasin (2 damage)
             ... on level 5 of the Dungeon.
             The game lasted 00:02:42 (4177 turns).

Demosthentine the Spear-Bearer (Merfolk Gladiator)  Turns: 4177, Time: 00:02:43

Health: 0/53       AC:  4    Str: 16    XL:     7   Next: 35%
Magic:  16/16      EV: 14    Int:  7    God:
Gold:   200        SH:  5    Dex: 16    Spells: 6/6 levels left

rFire    . . .     SeeInvis .   a - +1 trident
rCold    . . .     Faith    .   (no shield)
rNeg     . . .     Spirit   .   b - +0 leather armour
rPois    .         Reflect  +   c - +0 helmet
rElec    .         Harm     .   (no cloak)
rCorr    .         Rampage  .   (no gloves)
Will     .....                  (no boots)
Stlth    ++........             k - amulet of reflection
HPRegen  0.17/turn              i - ring of magical power
MPRegen  0.15/turn              (no ring)

@: lethally poisoned (0 -> -16)
A: (nimble swimmer 2), mertail
a: no special abilities


You were on level 5 of the Dungeon.
You visited 1 branch of the dungeon, and saw 5 of its levels.

You collected 200 gold pieces.

Inventory:

Hand Weapons
 a - a +1 trident (weapon)
Missiles
 d - a throwing net (quivered)
Armour
 b - a +0 leather armour (worn)
 c - a +0 helmet (worn)
Jewellery
 i - a ring of magical power (left hand)
 k - an amulet of reflection (around neck)
Wands
 f - a wand of mindburst (14)
 o - a wand of polymorph (10)
 p - a wand of iceblast (3)
Scrolls
 g - 2 scrolls of teleportation
 m - 2 scrolls of amnesia
 r - a scroll of enchant weapon
 s - a scroll of magic mapping {unknown}
Potions
 e - 2 potions of flight
 h - a potion of curing
 j - a potion of resistance
 l - a potion of cancellation
 n - 2 potions of heal wounds
 q - 2 potions of attraction


   Skills:
 + Level 3.8 Fighting
 + Level 8.6 Polearms
 + Level 2.2 Throwing
 + Level 2.0 Armour
 + Level 5.0 Dodging
 + Level 2.6 Stealth
 + Level 0.1 Shields


You had 6 spell levels left.
You didn't know any spells.
Your spell library contained the following spells:

 Spells                   Type           Power      Damage    Failure   Level
 Alistair's Intoxication  Tmut/Pois      0%         N/A       100%        5
 Borgnjor's Vile Clutch   Necr/Erth      0%         N/A       100%        5
 Eringya's Noxious Bog    Tmut/Pois      0%         N/A       100%        6


Dungeon Overview and Level Annotations

Branches:
Dungeon (5/15)
 Temple: D:4-7

Altars:

Shops:
D:1 *


Innate Abilities, Weirdness & Mutations

((You are quick and stealthy near water. (Stealth+, EV+, Speed+++)))
Your lower body shifts to a powerful aquatic tail in water.


Message History

You block the water moccasin's attack.
You are too injured to fight recklessly!
A water moccasin is nearby!
You are too injured to fight recklessly!
A water moccasin is nearby!
You are too injured to fight recklessly!
You barely miss the water moccasin.
The water moccasin is moderately wounded.
You feel very sick. The water moccasin misses you.
The water moccasin bites you!
* * * LOW HITPOINT WARNING * * *
You are lethally poisoned!
The water moccasin poisons you!
Throw: 4 throwing nets
Press: ? - help, Q - select action, (/) - cycle Shift-Dir - straight line, f - water moccasin
Aim: a water moccasin (moderately wounded, 44% to hit)
You throw a throwing net.
The throwing net barely misses the water moccasin.
* * * LOW HITPOINT WARNING * * *
You feel very sick. The water moccasin barely misses you.
Okay, then.
Throw: 3 throwing nets
Press: ? - help, Q - select action, (/) - cycle Shift-Dir - straight line, f/p - water moccasin
Aim: a water moccasin (moderately wounded, 44% to hit)
You throw a throwing net.
The throwing net misses the water moccasin.
* * * LOW HITPOINT WARNING * * *
You feel very sick. You block the water moccasin's attack.
Okay, then.
Throw: 2 throwing nets
Press: ? - help, Q - select action, (/) - cycle Shift-Dir - straight line, f/p - water moccasin
Aim: a water moccasin (moderately wounded, 44% to hit)
You throw a throwing net.
The throwing net barely misses the water moccasin.
* * * LOW HITPOINT WARNING * * *
You feel very sick. The water moccasin bites you.
You die...

##.## #.)#
##.## #####
#..## ##.....
#...## ###.....
##...## #.=..#
##...###...###
##..........###
##......@S..(#
#)....###......
#......## ##...
.......<# #
#.......#
####..... ###
#...... ..##
### ...#


You could see a water moccasin.

Vanquished Creatures
  2 ogres
  A scorpion (D:4)
  A hound (D:5)
  A jelly (D:5)
  An orc priest (D:5)
  Terence (D:2)
  An orc wizard (D:3)
  Ijyb (D:4)
  Natasha (D:4)
  Robin (D:4)
  4 gnolls (D:5)
  An adder (D:2)
  2 ufetubi
  A dart slug (D:3)
  5 orcs
  9 ball pythons
  5 endoplasms
  A giant cockroach (D:3)
  12 goblins
  5 hobgoblins
  12 jackals
  2 quokkas
  3 bats
  A frilled lizard (D:2)
  4 kobolds
  5 rats
83 creatures vanquished.

Notes
Turn   | Place    | Note
-------+----------+-------------------------------------------
     0 | D:1      | Demosthentine the Merfolk Gladiator began the quest for the
                  | Orb.
     0 | D:1      | Reached XP level 1. HP: 16/16 MP: 1/1
   247 | D:1      | Found Lubil's Assorted Antiques.
   354 | D:1      | Reached XP level 2. HP: 23/23 MP: 2/2
   417 | D:1      | Reached skill level 5 in Polearms
   945 | D:2      | Reached XP level 3. HP: 27/28 MP: 3/3
  1097 | D:2      | Noticed Terence
  1106 | D:2      | Killed Terence
  1107 | D:2      | Reached XP level 4. HP: 21/34 MP: 4/4
  1541 | D:3      | Reached skill level 6 in Polearms
  2309 | D:3      | Reached XP level 5. HP: 39/39 MP: 5/5
  2372 | D:4      | Noticed Ijyb
  2380 | D:4      | Killed Ijyb
  2381 | D:4      | Reached skill level 1 in Armour
  2566 | D:4      | Noticed an ogre
  2572 | D:4      | Killed an ogre
  2573 | D:4      | Reached skill level 7 in Polearms
  2573 | D:4      | Reached skill level 1 in Stealth
  2573 | D:4      | Reached XP level 6. HP: 33/47 MP: 6/6
  2856 | D:4      | Noticed Robin
  2904 | D:4      | Killed Robin
  3029 | D:4      | Noticed Natasha
  3036 | D:4      | Killed Natasha
  3593 | D:5      | Entered Level 5 of the Dungeon
  3640 | D:5      | Reached skill level 8 in Polearms
  3640 | D:5      | Reached skill level 5 in Dodging
  3640 | D:5      | Reached XP level 7. HP: 25/52 MP: 7/7
  4177 | D:5      | HP: 2/53 [poisoned by a water moccasin]
  4177 | D:5      | Slain by a water moccasin

Illustrated notes

Levels and vault maps discovered:
D:1:      scummos_arrival_gate, layout_loops_ring, serial_shops,
          nicolae_shop_trees
D:2:      layout_rooms, minmay_misc_feat_tower, small_statue_intersection,
          uniq_terence
D:3:      layout_basic, serial_curves, eino_curves_04, eino_curves_01
D:4:      layout_gridville, minivault_24, uniq_natasha, uniq_ijyb, uniq_robin
D:5:      layout_layer_cave, hangedman_abyss_or_decor_slice,
          minmay_misc_feat_five

Skill      XL: |  1  2  3  4  5  6  7 |
---------------+----------------------+-----
Polearms       | 5 6 7 8 |  8.6
Armour         | 1 2 |  2.0
Fighting       | 3 |  3.8
Stealth        | 1 2 |  2.6
Dodging        | 5 |  5.0
Throwing       | |  2.2
Shields        | |  0.1

Action                   |  1- 3 |  4- 6 |  7- 9 || total
-------------------------+-------+-------+-------++-------
Melee: Trident           |    61 |   148 |    41 ||   250
Throw: Throwing net      |     1 |     2 |     3 ||     6
  Use: Scroll            |     2 |    11 |       ||    13
       Potion            |       |     3 |       ||     3
 Stab: Sleeping          |     2 |     4 |       ||     6
       Distracted        |       |     1 |       ||     1
Armor: Leather armour    |    10 |    28 |     3 ||    41
Dodge: Dodged            |    23 |    65 |    18 ||   106
Block: Other             |       |    10 |     6 ||    16

Table legend: (Time is in decaauts)
 A = Elapsed time spent in this place.
 B = Non-inter-level travel time spent in this place.
 C = Inter-level travel time spent in this place.
 D = Time resting spent in this place.
 E = Time spent auto-exploring this place.
 F = Levels seen in this place.
 G = Mean time per level.
                   A        B        C        D        E       F      G
               +--------+--------+--------+--------+--------+-----+--------+
         Total |   4166 |   4062 |    104 |     64 |   3476 |   5 |  833.2 |
       Dungeon |   4166 |   4062 |    104 |     64 |   3476 |   5 |  833.2 |
               +--------+--------+--------+--------+--------+-----+--------+

Top non-repeatable levels by time:
     D:4: 1215 daAuts
     D:3: 909 daAuts
     D:1: 779 daAuts
     D:2: 683 daAuts
     D:5: 578 daAuts
